AoeStats
← ObiGOD

Arabia

507377803Analyzed
3v3 RM · 14d ago on Sep 17, 2026· 60m 49s· 6 players
Game mode
Random Map
Map size
Normal (6 player)
Population
200
Speed
Normal
Resources
Standard
Victory
Conquest
Starting age
Dark Age
Ending age
Imperial Age
RankedLock teamsTeams togetherTeam positionsShared explorationLock speedFull tech treeHidden civsTurbo modeCheats
Victory
Defeat
🇦🇷 Cumans · Argentina
1223
+15
🇦🇷 Berbers · Argentina
1179
+16
🇦🇷 Byzantines · Argentina
1123
+19
🇦🇷 Britons · Argentina
1190
-17
🇦🇷 Magyars · Argentina
1190
-17
🇦🇷 Inca · Argentina
1181
-16
Luzbelito95
7:57 Loom
10:04 Feudal Age
10:41 Double-Bit Axe
20:38 Fletching
25:13 Castle Age
23:54 Padded Archer Armor
24:36 Horse Collar
25:19 Crossbowman
25:57 Bodkin Arrow
30:34 Padded Archer Armor
42:40 Ballistics
53:54 Yeomen
ObiGOD
3:43 Loom
10:29 Feudal Age
11:17 Double-Bit Axe
12:18 Horse Collar
21:18 Castle Age
19:47 Gold Mining
20:02 Scale Mail Armor
22:30 Chain Mail Armor
23:35 Bow Saw
28:02 Forging
29:30 Champi Runner
31:25 Squires
31:14 Arson
32:54 Champi Warrior
34:43 Wheelbarrow
35:51 Iron Casting
41:01 Imperial Age
42:16 Conscription
42:41 Fabric Shields
43:03 Heavy Plow
42:52 Elite Champi Warrior
44:15 Plate Mail Armor
45:28 Pikeman
47:55 Blast Furnace
47:56 Elite Kamayuk
gaus
4:31 Loom
9:51 Feudal Age
10:34 Double-Bit Axe
18:24 Castle Age
17:11 Bloodlines
18:43 Wheelbarrow
18:04 Gold Mining
19:56 Husbandry
19:54 Town Watch
23:56 Scale Barding Armor
25:57 Chain Barding Armor
27:37 Pikeman
28:36 Scale Mail Armor
32:54 Hand Cart
35:35 Imperial Age
34:24 Chain Mail Armor
35:41 Halberdier
35:48 Halberdier
38:06 Cavalier
40:13 Conscription
40:14 Town Patrol
41:26 Bow Saw
42:25 Arson
43:19 Plate Barding Armor
42:48 Cavalier
44:02 Fletching
45:19 Paladin
58:07 Corvinian Army
58:57 Bodkin Arrow
Skavio22
6:56 Loom
9:21 Feudal Age
9:54 Double-Bit Axe
9:50 Horse Collar
21:55 Castle Age
20:54 Scale Barding Armor
21:02 Bloodlines
21:16 Scale Barding Armor
21:25 Forging
22:18 Scale Barding Armor
21:58 Light Cavalry
23:25 Wheelbarrow
25:28 Iron Casting
28:27 Town Watch
29:52 Chain Barding Armor
32:39 Hand Cart
33:23 Bow Saw
33:13 Heavy Plow
35:51 Town Patrol
36:29 Stone Mining
36:30 Gold Mining
39:35 Imperial Age
37:46 Fletching
39:42 Cavalier
41:04 Plate Barding Armor
42:56 Gold Shaft Mining
42:47 Bodkin Arrow
43:52 Conscription
44:37 Blast Furnace
45:27 Two-Man Saw
44:58 Crop Rotation
46:03 Paladin
47:22 Hussar
52:56 Padded Archer Armor
52:58 Elite Kipchak
54:41 Leather Archer Armor
54:48 Ballistics
55:29 Chemistry
55:15 Caravan
56:19 Ring Archer Armor
56:31 Parthian Tactics
55:27 Heavy Cavalry Archer
59:08 Capped Ram
60:28 Siege Ram
Guver
6:35 Loom
9:23 Feudal Age
13:00 Man-at-Arms
14:28 Scale Barding Armor
15:27 Forging
16:10 Scale Mail Armor
23:53 Castle Age
22:13 Fletching
22:24 Padded Archer Armor
23:06 Horse Collar
23:15 Double-Bit Axe
25:19 Bodkin Arrow
25:40 Leather Archer Armor
26:14 Wheelbarrow
26:30 Crossbowman
28:52 Thumb Ring
28:54 Long Swordsman
35:34 Hand Cart
37:51 Bow Saw
46:17 Gold Mining
49:32 Imperial Age
49:38 Arbalester
51:07 Conscription
51:36 Bracer
55:26 Two-Man Saw
55:15 Gold Shaft Mining
56:30 Chemistry
LoKogan
9:38 Feudal Age
10:08 Double-Bit Axe
10:14 Loom
10:13 Horse Collar
11:41 Loom
15:28 Scale Barding Armor
16:59 Fletching
17:09 Padded Archer Armor
23:00 Castle Age
22:24 Bloodlines
22:43 Forging
22:36 Gold Mining
23:29 Light Cavalry
24:45 Chain Barding Armor
23:47 Elite Skirmisher
29:28 Bodkin Arrow
33:04 Heavy Plow
34:30 Wheelbarrow
33:46 Town Watch
34:17 Stone Mining
34:45 Bow Saw
35:54 Ballistics
35:42 Husbandry
37:46 Hand Cart
41:05 Imperial Age
40:57 Leather Archer Armor
41:18 Iron Casting
41:45 Kasbah
42:15 Conscription
41:22 Cavalier
42:39 Plate Barding Armor
42:59 Siege Engineers
46:37 Chemistry
46:09 Heavy Camel Rider
47:03 Bracer
47:48 Masonry
48:47 Guilds
49:04 Maghrebi Camels
53:28 Gold Shaft Mining
53:30 Crop Rotation
60:44 Kasbah
Connection lost

Rejoining the realm…

Still unreachable

The connection could not be restored.

Session expired

The server has moved on; the page needs a fresh start.